 Dungeon Crawl Stone Soup version 0.31-a0-986-g5e6e4ef867 (webtiles) character file.

Game seed: 11181736357436034233

167 Persephone the Shooter (level 5, 0/57 HPs)
             Began as a Human Hunter on Nov 6, 2023.
             Slain by an iguana (9 damage)
             ... on level 4 of the Dungeon.
             The game lasted 00:03:21 (2112 turns).

Persephone the Shooter (Human Hunter)               Turns: 2112, Time: 00:03:21

Health: 0/57       AC: 22    Str: 12    XL:     5   Next: 76%
Magic:  5/5        EV:  2    Int:  9    God:
Gold:   97         SH:  0    Dex: 18    Spells: 4/4 levels left

rFire   . . .        a - +0 shortbow
rCold   . . .        (shield currently unavailable)
rNeg    . . .        c - melded +0 leather armour
rPois   +            (helmet currently unavailable)
rElec   .            (cloak currently unavailable)
rCorr   .            h - melded +1 pair of gloves
SInv    .            (boots currently unavailable)
Will    .....        (no amulet)
Stlth   ++           (no ring)
HPRegen 0.29/turn    (no ring)
MPRegen 0.09/turn

%: no passive effects
@: tree-form
A: stationary, stasis, torment immunity, boosted hp
a: no special abilities


You were on level 4 of the Dungeon.
You were a tree.
You visited 1 branch of the dungeon, and saw 4 of its levels.

You collected 97 gold pieces.

Inventory:

Hand Weapons
 a - a +0 shortbow (weapon)
Armour
 c - a +0 leather armour (melded)
 h - a +1 pair of gloves (melded)
Scrolls
 d - a scroll of identify {unknown}
 e - a scroll of amnesia


   Skills:
 - Level 2.0 Fighting
 + Level 6.6 Ranged Weapons
 - Level 2.0 Dodging
 - Level 1.0 Stealth


You had 4 spell levels left.
You didn't know any spells.
Your spell library contained the following spells:

 Spells                   Type           Power      Damage    Failure   Level
 Magic Dart               Conj           0%         1d3       38%         1
 Call Imp                 Summ           0%         N/A       52%         2
 Mephitic Cloud           Conj/Pois/Air  0%         N/A       77%         3


Dungeon Overview and Level Annotations

Branches:
Dungeon (4/15)
 Temple: D:4-7

Altars:

Shops:
D:2 *


Message History

You shoot an arrow.
The arrow hits the iguana but does no damage.
The iguana is heavily wounded.
A jackal comes into view.
The iguana bites you!
Fire: a) +0 shortbow
Press: ? - help, Shift-Dir - straight line, f/p - iguana
Aim: an iguana (heavily wounded, 69% to hit)
You shoot an arrow. The jackal barks!
The arrow hits the iguana.
The iguana is severely wounded.
You hear a bark!
A jackal comes into view.
The iguana bites you!
* * * LOW HITPOINT WARNING * * *
A jackal comes into view.
Fire: a) +0 shortbow
Press: ? - help, Shift-Dir - straight line, f/p - iguana
Aim: an iguana (severely wounded, 69% to hit)
You shoot an arrow. The jackal barks!
The arrow hits the iguana but does no damage.
The iguana is severely wounded.
The iguana misses you.
Fire: a) +0 shortbow
Press: ? - help, Shift-Dir - straight line, f/p - iguana
Aim: an iguana (severely wounded, 69% to hit)
You shoot an arrow. The arrow barely misses the iguana.
The arrow hits the jackal.
The jackal is heavily wounded.
The iguana closely misses you. The iguana attacks as it pursues you!
The iguana bites you.
* * * LOW HITPOINT WARNING * * *
There is an open door here.
It was a potion of lignification.
You turn into a tree.
Your +1 pair of gloves melds into your body.
Your +0 leather armour melds into your body.
Your roots penetrate the ground.
The iguana bites you!
You die...

#############
#....#......#
#...h#......#
#..hhl♣.....#
##'####..<###
.h. #...#
...hh #...#
....... #...#
....... #...#
....... #...#
....... ###+#


You could see an iguana and 3 jackals.

Vanquished Creatures
  An orc priest (D:3)
  5 gnolls
  2 adders
  3 dart slugs
  5 orcs (D:3)
  10 bats
  5 endoplasms
  3 giant cockroaches (D:1)
  4 hobgoblins
  2 quokkas (D:1)
  4 ball pythons
  12 frilled lizards
  4 goblins
  2 kobolds (D:3)
  4 rats
66 creatures vanquished.

Notes
Turn   | Place    | Note
-------+----------+-------------------------------------------
     0 | D:1      | Persephone the Human Hunter began the quest for the Orb.
     0 | D:1      | Reached XP level 1. HP: 16/16 MP: 1/1
    78 | D:1      | Reached XP level 2. HP: 22/22 MP: 2/2
   235 | D:1      | Reached XP level 3. HP: 20/27 MP: 3/3
   302 | D:1      | Reached skill level 5 in Ranged Weapons
   804 | D:2      | You fall into a shaft and drop 1 floor!
   822 | D:3      | Reached XP level 4. HP: 33/33 MP: 4/4
  1306 | D:3      | Reached skill level 6 in Ranged Weapons
  1306 | D:3      | Reached XP level 5. HP: 38/38 MP: 5/5
  1637 | D:2      | Found Ofroeth's General Store.
  2112 | D:4      | Slain by an iguana

Illustrated notes

Levels and vault maps discovered:
D:1:      psy_arrival_dodecagon, layout_loops_ring, minmay_lizard_pond
D:2:      layout_rooms, serial_shops, nicolae_shop_gibbet_a_chance
D:3:      layout_basic
D:4:      layout_gridville, minmay_temple_entry_glass,
          nicolae_elevator_lobby_asterisk

Skill      XL: |  1  2  3  4 |
---------------+-------------+-----
Ranged Weapons | 5 6 |  6.6
Fighting       | |  2.0
Dodging        | |  2.0
Stealth        | |  1.0

Action                     |  1- 3 |  4- 6 || total
---------------------------+-------+-------++-------
   Fire: Shortbow          |    89 |   103 ||   192
    Use: Scroll            |       |     4 ||     4
         Potion            |       |     2 ||     2
 Armour: Leather armour    |    38 |    39 ||    77
         Skin              |       |     1 ||     1
  Dodge: Dodged            |    37 |    29 ||    66

Table legend: (Time is in decaauts)
 A = Elapsed time spent in this place.
 B = Non-inter-level travel time spent in this place.
 C = Inter-level travel time spent in this place.
 D = Time resting spent in this place.
 E = Time spent auto-exploring this place.
 F = Levels seen in this place.
 G = Mean time per level.
                   A        B        C        D        E       F      G
               +--------+--------+--------+--------+--------+-----+--------+
         Total |   2144 |   2075 |     69 |      0 |   1665 |   4 |  536.0 |
       Dungeon |   2144 |   2075 |     69 |      0 |   1665 |   4 |  536.0 |
               +--------+--------+--------+--------+--------+-----+--------+

Top non-repeatable levels by time:
     D:3: 921 daAuts
     D:1: 681 daAuts
     D:2: 513 daAuts
     D:4: 28 daAuts
